AoeStats
← dohteM

Arena

510030579Analyzed
2v2 RM · 4d ago on Sep 29, 2026· 33m 18s· 4 players
Game mode
Random Map
Map size
Medium (4 player)
Population
200
Speed
Normal
Resources
Standard
Victory
Conquest
Starting age
Dark Age
Ending age
Imperial Age
RankedLock teamsTeams togetherTeam positionsShared explorationLock speedFull tech treeHidden civsTurbo modeCheats
Victory
Defeat
🇺🇸 Turks · United States
827
+15
🇺🇸 Turks · United States
822
+16
🇺🇸 Mongols · United States
818
-42
🇨🇳 Cumans · China
808
-15
1024935437
0:37 Loom
10:53 Feudal Age
12:58 Man-at-Arms
24:17 Castle Age
24:43 Pikeman
25:24 Horse Collar
26:47 Forging
29:43 Long Swordsman
dohteM
12:21 Feudal Age
13:28 Loom
16:50 Castle Age
14:48 Double-Bit Axe
14:55 Horse Collar
15:20 Loom
16:19 Stone Mining
18:15 Wheelbarrow
20:01 Bow Saw
20:54 Heavy Plow
22:44 Gold Mining
23:36 Squires
28:46 Elite Skirmisher
29:36 Light Cavalry
tmkmbl
12:37 Feudal Age
16:39 Castle Age
15:10 Gold Mining
15:06 Double-Bit Axe
21:04 Imperial Age
20:36 Padded Archer Armor
24:55 Bow Saw
24:29 Horse Collar
24:44 Fletching
Lu
12:15 Feudal Age
14:49 Double-Bit Axe
14:57 Gold Mining
18:24 Castle Age
Connection lost

Rejoining the realm…

Still unreachable

The connection could not be restored.

Session expired

The server has moved on; the page needs a fresh start.